 Dungeon Crawl Stone Soup version 0.27-a0-1147-gb3d8e82157 (webtiles) character file.

Game seed: 11137848735026940835

1015 Ijustatesigmund the Skirmisher (level 8, -3/58 HPs)
             Began as an Octopode Fighter on May 11, 2021.
             Slain by a water moccasin (10 damage)
             ... on level 5 of the Dungeon.
             The game lasted 00:08:43 (5541 turns).

Ijustatesigmund the Skirmisher (Octopode Fighter)   Turns: 5541, Time: 00:08:43

Health: -3/58      AC:  1    Str: 15    XL:     8   Next: 21%
Magic:  8/8        EV: 12    Int: 12    God:
Gold:   983        SH: 10    Dex: 12    Spells: 7/7 levels left

rFire    + . .     SeeInvis .   a - +2 war axe
rCold    . . .     Faith    .   b - +1 kite shield
rNeg     . . .     Spirit   .   f - +0 hat
rPois    .         Reflect  .   (no amulet)
rElec    .         Harm     .   d - ring of protection from fire
rCorr    +         Rampage  .   g - ring of resist corrosion
Will     .....                  (no ring)
Stlth    ++........             (no ring)
HPRegen  0.19/turn              (no ring)
MPRegen  0.11/turn              (no ring)
                                (no ring)
                                (no ring)

@: lethally poisoned (-3 -> -7), hasted, very quick
A: almost no armour, amphibious, 8 rings, camouflage 1, gelatinous body 1,
(nimble swimmer 1), tentacles
a: no special abilities


You were on level 5 of the Dungeon.
You visited 1 branch of the dungeon, and saw 5 of its levels.

You collected 983 gold pieces.

Inventory:

Hand Weapons
 a - a +2 war axe (weapon)
 h - a +1 vampiric morningstar
Missiles
 c - a throwing net (quivered)
Armour
 b - a +1 kite shield (worn)
 f - a +0 hat (worn)
Jewellery
 d - a ring of protection from fire (left tentacle)
 g - a ring of resist corrosion (right tentacle)
Wands
 i - a wand of mindburst (4)
Scrolls
 m - 3 scrolls of teleportation
 n - a scroll of fear
Potions
 e - a potion of might
 j - a potion of brilliance
 k - 2 potions of haste
 l - a potion of cancellation {unknown}
 o - a potion of ambrosia
 p - a potion of mutation {unknown}


   Skills:
 + Level 6.4 Fighting
 + Level 6.4 Axes
 - Level 4.0 Dodging
 - Level 4.0 Shields


You had 7 spell levels left.
You didn't know any spells.
Your spell library contained the following spells:

 Spells                   Type           Power      Damage    Failure   Level
 Beastly Appendage        Tmut           0%         N/A       80%         1
 Corona                   Hex            0%         N/A       80%         1
 Ensorcelled Hibernation  Hex/Ice        0%         N/A       90%         2
 Wereblood                Tmut           0%         N/A       90%         2
 Confusing Touch          Hex            0%         N/A       99%         3
 Dazzling Flash           Conj/Hex       0%         N/A       99%         3
 Gell's Gravitas          Tloc           0%         N/A       99%         3
 Spider Form              Tmut/Pois      0%         N/A       99%         3
 Tukima's Dance           Hex            0%         N/A       99%         3
 Ice Form                 Ice/Tmut       0%         N/A       100%        4
 Petrify                  Tmut/Erth      0%         N/A       100%        4
 Hydra Form               Tmut           0%         N/A       100%        5
 Metabolic Englaciation   Hex/Ice        0%         N/A       100%        5
 Yara's Violent Unravell  Hex/Tmut       0%         3d3       100%        5


Dungeon Overview and Level Annotations

Branches:
Dungeon (5/15)             Temple (0/1) D:5

Altars:

Shops:
D:3 [


Innate Abilities, Weirdness & Mutations

You cannot wear most types of armour.
You are amphibious.
You can wear up to eight rings at the same time.
Your skin changes colour to match your surroundings (Stealth+).
Your rubbery body absorbs attacks. (AC +1, EV +1)
((You are camouflaged near water. (Stealth+)))
You have tentacles for arms and can constrict up to eight enemies at once.


Message History

You are too injured to fight recklessly!
You are too injured to fight recklessly!
You are too injured to fight recklessly!
You are too injured to fight recklessly!
You are too injured to fight recklessly!
You are too injured to fight recklessly!
You closely miss something. Something hits you. Something shocks you.
* * * LOW HITPOINT WARNING * * *
You slash something! Something hits you.
* * * LOW HITPOINT WARNING * * *
Something shocks you.
* * * LOW HITPOINT WARNING * * *
The adder barely misses you.
You feel much better. You block something's attack.
The water moccasin bites you! The adder closely misses you.
Aiming: Mindburst
Press: ? - help, Shift-Dir - straight line Something's mind is blasted!
Reactivating autopickup.
You feel a bit more experienced. The water moccasin barely misses you.
You block the adder's attack. The water moccasin bites you.
You block the adder's attack. The water moccasin misses you.
You hit the water moccasin but do no damage.
Your grab misses the water moccasin. Your squeeze misses the water moccasin.
You barely miss the adder. The adder closely misses you.
The water moccasin barely misses you. The dart slug launches a dart at you.
The slug dart hits you. The adder bites you.
* * * LOW HITPOINT WARNING * * *
You are poisoned.
The adder poisons you!
You feel yourself speed up.
You feel sick. The water moccasin closely misses you. The adder bites you.
* * * LOW HITPOINT WARNING * * *
The water moccasin bites you.
* * * LOW HITPOINT WARNING * * *
Unknown command.
You feel sick. The water moccasin bites you!
You die...

#............
#............ #### #####
#......(..... ..$.. ...#
#............
.....###.####............
≈≈≈≈≈≈≈#.................
.....#≈#.................
......≈/.####............
......≈.@####............
..>...≈SS##..............
...(..≈..####............
......≈..w# #............
.....#≈#....#............
≈≈≈≈≈≈≈#....#............
.....###....#............
..... .....#............
##.# .....#............


You could see a water moccasin, an adder and a dart slug.

Vanquished Creatures
  Sigmund (D:2)
  A water moccasin (D:5)
  A sky beast (D:5)
  3 scorpions
  A water moccasin zombie (D:5)
  A water moccasin skeleton (D:4)
  2 howler monkeys (D:5)
  A hound (D:4)
  A bullfrog skeleton (D:5)
  An orc wizard (D:3)
  Terence (D:3)
  7 gnolls
  4 adders
  2 dart slugs
  7 orcs
  7 ball pythons
  9 endoplasms
  3 giant cockroaches
  7 goblins
  6 hobgoblins
  6 jackals
  13 kobolds
  4 quokkas
  7 bats
  5 frilled lizards
  7 rats
108 creatures vanquished.

Vanquished Creatures (others)
  A plant (D:5)
1 creature vanquished.

Grand Total: 109 creatures vanquished

Notes
Turn   | Place    | Note
-------+----------+-------------------------------------------
     0 | D:1      | Ijustatesigmund the Octopode Fighter began the quest for
                  | the Orb.
     0 | D:1      | Reached XP level 1. HP: 16/16 MP: 1/1
   451 | D:1      | Reached XP level 2. HP: 7/21 MP: 2/2
  1263 | D:1      | Reached XP level 3. HP: 26/26 MP: 3/3
  1305 | D:1      | Found a faded altar of an unknown god.
  1818 | D:2      | Noticed Sigmund
  1830 | D:2      | Killed Sigmund
  1831 | D:2      | Reached XP level 4. HP: 28/33 MP: 4/4
  1831 | D:2      | Reached XP level 5. HP: 32/37 MP: 5/5
  2135 | D:2      | Reached XP level 6. HP: 40/43 MP: 6/6
  2236 | D:3      | Found Uleril's Armour Emporium.
  2856 | D:3      | Noticed Terence
  2864 | D:3      | Killed Terence
  3175 | D:3      | Identified a scroll of acquirement
  3175 | D:3      | Acquired 771 gold pieces
  4144 | D:3      | Reached XP level 7. HP: 49/49 MP: 7/7
  4200 | D:4      | Reached skill level 5 in Fighting
  4200 | D:4      | Reached skill level 5 in Axes
  4682 | D:5      | Entered Level 5 of the Dungeon
  5196 | D:5      | Reached XP level 8. HP: 18/57 MP: 8/8
  5527 | D:5      | Found a staircase to the Ecumenical Temple.
  5541 | D:5      | Slain by a water moccasin

Illustrated notes

Levels and vault maps discovered:
D:1:      lightli_molten_gateway, layout_basic, shapermc_ecumenical_altar_venn
D:2:      layout_basic, minmay_tromino_v2, uniq_sigmund
D:3:      layout_loops_ring, serial_shops, shop, hangedman_decor_growths,
          uniq_terence
D:4:      layout_cave_pods
D:5:      corexii_shack_village, layout_basic, minmay_temple_entry_water_ring,
          portal_sewer_entry_d

Skill      XL: |  1  2  3  4  5  6  7 |
---------------+----------------------+-----
Axes           | 3 4 6 |  6.4
Fighting       | 4 6 |  6.4
Dodging        | 4 |  4.0
Shields        | 4 |  4.0

Action                   |  1- 3 |  4- 6 |  7- 9 || total
-------------------------+-------+-------+-------++-------
Melee: War axe           |    64 |    80 |    51 ||   195
       Constrict         |    14 |    19 |    11 ||    44
       Tentacles         |     5 |    14 |    13 ||    32
Evoke: Wand              |     2 |     1 |     1 ||     4
  Use: Scroll            |     5 |     8 |     2 ||    15
       Potion            |     1 |     3 |     3 ||     7
 Stab: Sleeping          |     9 |     3 |     2 ||    14
       Distracted        |       |     1 |       ||     1
Armor: Skin              |     4 |     7 |       ||    11
Dodge: Dodged            |    25 |    46 |    24 ||    95
Block: Kite shield       |    28 |    40 |    26 ||    94

Table legend: (Time is in decaauts)
 A = Elapsed time spent in this place.
 B = Non-inter-level travel time spent in this place.
 C = Inter-level travel time spent in this place.
 D = Time resting spent in this place.
 E = Time spent auto-exploring this place.
 F = Levels seen in this place.
 G = Mean time per level.
                   A        B        C        D        E       F      G
               +--------+--------+--------+--------+--------+-----+--------+
         Total |   5643 |   5526 |    117 |   1581 |   3187 |   5 | 1128.6 |
       Dungeon |   5643 |   5526 |    117 |   1581 |   3187 |   5 | 1128.6 |
               +--------+--------+--------+--------+--------+-----+--------+

Top non-repeatable levels by time:
     D:1: 1648 daAuts
     D:4: 1309 daAuts
     D:3: 1186 daAuts
     D:5: 875 daAuts
     D:2: 624 daAuts
